 Dungeon Crawl Stone Soup version 0.30.1-4-g462c640d31 (webtiles) character file.

Game seed: 13990078238821591516

217155 spardeous the Eclecticist (level 19, -12/137 HPs)
             Began as a Djinni Conjurer on Aug 29, 2023.
             Was an Initiate of Gozag.
             Killed from afar by a Hell Sentinel (62 damage)
             ... with an iron shot
             ... created by a Zot trap
             ... on level 1 of the Swamp.
             The game lasted 01:30:57 (55507 turns).

spardeous the Eclecticist (Djinni Conjurer)        Turns: 55507, Time: 01:30:57

Health: -12/137    AC: 23    Str: 18    XL:     19   Next: 81%
Gold:   3112       EV: 13    Int: 26    God:    Gozag SH: 29 Dex: 19

rFire   + + +        y - +6 trident of Ascent {heavy, rF+ Dex+3}
rCold   . . .        s - +10 tower shield of Ignorance {rN+ Int-4}
rNeg    + . .        O - +2 chain mail {rF+}
rPois   ∞            U - +3 helmet of Jigsaw {rC+}
rElec   .            p - +0 cloak
rCorr   .            M - +2 pair of gloves of Pan-Flutes {Dex+3}
SInv    .            (boots unavailable)
Will    +....        o - amulet of Sasuth {Regen+ Int+3} Stlth
                     Y - +6 ring of intelligence
HPRegen 1.22/turn    W - +6 ring of strength
MPRegen 0.00/turn

%: infuse magic (-13 HP)
@: mighty, flying, studying Unarmed Combat
A: sickness immunity, fire resistance 2, cold vulnerability 1, float, innate
caster, HP casting, extra vitality 1
}: 1/15 runes: serpentine
a: Renounce Religion, Potion Petition, Call Merchant, Bribe Branch


You were on level 1 of the Swamp.
You worshipped Gozag.
Gozag was most pleased with you.
You visited 6 branches of the dungeon, and saw 30 of its levels.
You also visited: Ossuary and Ice Cave.

You collected 13956 gold pieces.
You spent 2722 gold pieces at shops.
You paid 8122 gold pieces to Gozag.

Inventory:

Hand Weapons
 y - the +6 trident of Ascent (weapon) {heavy, rF+ Dex+3}
   (You found it on level 5 of the Dungeon)

   Dex:       It affects your dexterity (+3).
   rF:        It protects you from fire.
 E - the +0 rapier of Fee Simple {flame, Fly Dex+3}
   (You found it on level 8 of the Dungeon)

   Dex:       It affects your dexterity (+3).
   Fly:       It grants you flight.
Armour
 p - a +0 cloak (worn)
 s - the +10 tower shield of Ignorance (worn) {rN+ Int-4}
   (You found it on level 5 of the Lair of Beasts)

   Int:       It affects your intelligence (-4).
   rN:        It protects you from negative energy.
 M - the +2 pair of gloves of Pan-Flutes (worn) {Dex+3}
   (You acquired it on level 1 of the Lair of Beasts)

   Dex:       It affects your dexterity (+3).
 O - a +2 chain mail of fire resistance (worn)
 U - the +3 helmet of Jigsaw (worn) {rC+}
   (You bought it in a shop on level 1 of the Lair of Beasts)

   rC:        It protects you from cold.
Jewellery
 o - the amulet of Sasuth (around neck) {Regen+ Int+3}
   (You bought it in a shop on level 3 of the Snake Pit)

   [amulet of regeneration]

   Int:       It affects your intelligence (+3).
   Regen:     It increases your rate of health regeneration.
 z - an amulet of the acrobat
 A - a +4 ring of protection
 S - a +6 ring of intelligence
 V - a +6 ring of dexterity
 W - a +6 ring of strength (right hand)
 Y - a +6 ring of intelligence (left hand)
Wands
 t - a wand of paralysis (16)
 w - a wand of flame (48)
 x - a wand of digging (8)
 N - a wand of mindburst (8)
 P - a wand of roots (29)
Scrolls
 a - 2 scrolls of butterflies
 c - 20 scrolls of teleportation
 f - 6 scrolls of enchant armour
 h - 9 scrolls of fog
 j - 2 scrolls of silence
 k - 4 scrolls of enchant weapon
 r - 6 scrolls of poison
 u - 2 scrolls of torment
 D - 10 scrolls of magic mapping
 G - 7 scrolls of identify
 H - a scroll of blinking
 J - 4 scrolls of fear
 L - 2 scrolls of immolation
 T - 5 scrolls of vulnerability
Potions
 b - 4 potions of flight
 d - 3 potions of haste
 e - 4 potions of heal wounds
 g - 6 potions of mutation
 i - a potion of invisibility
 m - 4 potions of berserk rage
 n - 6 potions of might
 q - 2 potions of degeneration
 v - 6 potions of lignification
 B - 6 potions of resistance
 C - 6 potions of brilliance
 F - 3 potions of magic
 I - 3 potions of cancellation
 K - 2 potions of attraction
 X - 10 potions of ambrosia
 Z - 6 potions of curing
Miscellaneous
 l - a lightning rod (4/4)
 Q - a phantom mirror
 R - a phial of floods


   Skills:
 + Level 12.9 Fighting
 - Level 12.0 Armour
 - Level 14.0 Dodging
 - Level 4.2 Stealth
 - Level 13.0 Shields
 - Level 18.3 Spellcasting


You knew the following spells:

 Your Spells              Type           Power      Damage    Failure   Level
a - Magic Dart            Conj           100%       1d8       1%          1
b - Searing Ray           Conj           100%       2d8       1%          2
c - Dazzling Flash        Conj/Hex       100%       N/A       1%          3
d - Fulminant Prism       Conj/Hex       44%        3d19      1%          4
e - Iskenderun's Mystic   Conj/Tloc      88%        2d17      1%          4
f - Kiss of Death         Conj/Necr      100%       2d13      1%          1
g - Scorch                Fire           100%       2d9       1%          2
h - Stone Arrow           Conj/Erth      100%       3d13      1%          3
i - Cause Fear            Hex            44%        N/A       1%          4
j - Borgnjor's Vile Clut  Necr/Erth      44%        N/A       1%          5
k - Blade Hands           Tmut           44%        N/A       1%          5
l - Dispersal             Tloc           44%        N/A       3%          6
m - Storm Form            Tmut/Air       44%        N/A       19%         7
n - Simulacrum            Ice/Necr       44%        N/A       3%          6
Your spell library was empty.

Dungeon Overview and Level Annotations

Branches:
Dungeon (15/15)            Temple (1/1) D:5            Lair (5/5) D:10
  Swamp (3/4) Lair:3        Snake (4/4) Lair:3        Slime (0/5) Lair:5
    Orc (2/2) D:11            Elf (0/3) Orc:2        Vaults (0/5) D:13
 Depths (0/4) D:15        Ossuary (visited)           IceCv (visited)

Altars:
Ashenzari
Cheibriados
Dithmenos
Elyvilon
Fedhas
Gozag
Hepliaklqana
Makhleb
Nemelex Xobeh
Okawaru
Qazlal
Ru
Trog
Uskayaw
Wu Jian
Xom
Yredelemnul
Zin
The Shining One

Shops:
D:4 =   D:11 ?   Orc:1 *   Orc:2 *(:=(   Lair:1 (===?*[*   Snake:2 ?
Snake:3 =[

Annotations:
Swamp:1 1 transporter


Innate Abilities, Weirdness & Mutations

You are immune to sickness and miasma.
You are immune to poison.
Your flesh is very heat resistant. (rF++)
You are vulnerable to cold. (rC-)
You float through the air rather than walking.
You learn spells naturally, not from books.
Your magical power is your life essence.
You have superior vitality. (+4 MHP)


Message History

You take 30 damage, and have 88/137 hp.
MASSIVE DAMAGE!!
Casting: Stone Arrow (safe; 1% risk of failure)
Confirm with . or Enter, or press ? or * to list all spells.
Aiming: Stone Arrow (safe; 1% risk of failure)
Press: ? - help, Shift-Dir - straight line, f/p - Hell Sentinel
Aim: a Hell Sentinel (moderately wounded, durably summoned, constricted by zombie hands, 100% to hit)
The stone arrow hits the Hell Sentinel!
The Hell Sentinel is heavily wounded.
The zombie hands constrict the Hell Sentinel.
The Hell Sentinel gestures at you.
The sphere of damnation explodes!
The damnation engulfs you!!
* * * LOW HITPOINT WARNING * * *
The damnation engulfs the Hell Sentinel.
The Hell Sentinel completely resists.
Unknown command.
You take 34 damage, and have 54/137 hp.
MASSIVE DAMAGE!!
Casting: Stone Arrow (safe; 1% risk of failure)
Confirm with . or Enter, or press ? or * to list all spells.
Aiming: Stone Arrow (safe; 1% risk of failure)
Press: ? - help, Shift-Dir - straight line, f/p - Hell Sentinel
Aim: a Hell Sentinel (heavily wounded, durably summoned, constricted by zombie hands, 100% to hit)
The stone arrow hits the Hell Sentinel!!
The Hell Sentinel is severely wounded.
* * * LOW HITPOINT WARNING * * *
The zombie hands constrict the Hell Sentinel!
You block the Hell Sentinel's attack. x2
You take 2 damage, and have 52/137 hp.
Casting: Stone Arrow (safe; 1% risk of failure)
Confirm with . or Enter, or press ? or * to list all spells.
Aiming: Stone Arrow (safe; 1% risk of failure)
Press: ? - help, Shift-Dir - straight line, f/p - Hell Sentinel
Aim: a Hell Sentinel (severely wounded, durably summoned, constricted by zombie hands, 100% to hit)
The stone arrow hits the Hell Sentinel but does no damage.
The Hell Sentinel is severely wounded.
* * * LOW HITPOINT WARNING * * *
The zombie hands constrict the Hell Sentinel!
The Hell Sentinel gestures at you. The iron shot hits you!!!
You die...
Your body crumbles into a pile of gold.

♣♣♣≈♣ ♣♣~~..♣..♣~.~.♣~~..§~.~
♣≈≈♣♣♣ ♣..~.....§~.~~~~~.♣♣.~~
♣≈≈≈≈♣♣♣.~~.~.~.....~~.>♣♣♣♣.~
♣≈≈≈♣♣♣..~.~~.........~§♣ ♣♣..
♣♣≈≈♣♣~......#########.♣♣♣♣§..
♣≈♣♣).~.~♣..#.#$#.#$#....~..~
♣♣..♣~~~...##§≈≈#≈≈§####....~
♣..♣♣...~~.#....☼...#!=#.....
♣♣♣♣♣♣....©#@^^^^^^^'$©#©~♣..
♣♣♣~..#.1...☼.§#$[#.♣♣..
♣.~..##§≈≈≈#§§####.♣♣..
♣♣.~..##$#.#w##....♣...
♣♣..~.#########.~.~...~
♣...~~................♣
♣♣.~.~..~...~.~.~.~.~♣♣
♣♣.~.~..~.~~....~...~♣♣
♣.~...............♣.~.♣


You could see a Hell Sentinel (clutched) and a swamp worm.

Vanquished Creatures
  Vashnia (Snake:3)
  Saint Roka (Snake:2)
  2 quicksilver dragons (Snake:4)
  Agnes (Snake:4)
  2 thorn hunters
  10 nagarajas
  Roxanne (Swamp:2)
  The ghost of jsudlow the Bludgeoner, a journeyman MiBe of Trog (Orc:1)
  The ghost of Peavierr the Marksdemonspawn, a journeyman DsHu of Okawaru (D:14)
  An ironbound preserver (D:13)
  An eleionoma (Swamp:3)
  Nessos (Lair:4)
  A bunyip (Swamp:1)
  The ghost of safid the Frost Mage, a journeyman MfIE of Vehumet (Lair:4)
  12 hydras
  An ice dragon (IceCv)
  7 anacondas
  A ghost crab (Swamp:3)
  4 salamander tyrants
  4 catoblepae
  5 centaur warriors
  3 alligators
  2 boulder beetles
  A death knight (D:15)
  23 death yaks
  9 naga warriors
  3 two-headed ogres
  15 naga sharpshooters
  11 shock serpents
  2 orc high priests
  Sonja (Lair:2)
  3 skysharks (Lair:4)
  6 skeletal warriors
  2 salamander mystics
  3 spriggan druids
  5 spectral anacondas (Snake:2)
  A fire crab (Lair:4)
  5 goliath frogs
  Lodul (D:12)
  5 naga ritualists
  3 wizards
  3 anaconda zombies (Snake:2)
  A lindwurm (Lair:2)
  3 bog bodies (Swamp:1)
  9 orc knights (Orc:2)
  3 swamp dragons
  6 anaconda skeletons (Snake:2)
  Pikel (D:9)
  2 oklob plants (Lair:1)
  7 mana vipers
  14 ugly things
  3 deep elf pyromancers
  7 salamanders
  6 manticores
  2 will-o-the-wisps (Swamp:3)
  An orc sorcerer (Orc:2)
  8 cyclopes
  12 elephants
  7 guardian serpents
  10 naga magi
  2 torpor snails
  30 black mambas
  2 ice statues (IceCv)
  10 cane toads
  A molten gargoyle (D:14)
  A gargoyle (D:11)
  3 unseen horrors
  A cane toad (shapeshifter) (D:15)
  5 kobold demonologists
  13 rime drakes
  2 efreet
  5 komodo dragons
  3 freezing wraiths
  5 anaconda simulacra (Snake:2)
  7 trolls
  A bloated husk (Swamp:3)
  A queen bee (D:14)
  3 meliai (D:14)
  13 polar bears
  6 tyrant leeches
  9 hornets
  5 raiju (Lair:5)
  14 blink frogs
  5 dream sheep
  25 slime creatures
  10 spriggans
  Sigmund (D:4)
  A spriggan (shapeshifter) (D:15)
  4 shadows
  2 vampires
  12 wyverns
  3 wraiths
  7 basilisks
  36 yaks
  15 vampire mosquitoes
  16 wargs
  31 nagas
  Edmund (D:6)
  2 acid dragons
  22 swamp worms
  12 water moccasins
  2 ice beasts
  4 swamp drakes (Swamp:1)
  12 hell hounds (Lair:5)
  42 orc warriors
  A sky beast (D:6)
  16 black bears
  13 ogres
  21 wolves
  5 boggarts (D:15)
  A centaur (D:9)
  3 phantoms
  3 lemures (D:9)
  5 kobold brigands
  Blork the orc (D:4)
  17 bullfrogs
  12 scorpions
  13 wights
  2 lindwurm simulacra (IceCv)
  28 killer bees
  4 electric eels
  2 howler monkeys (D:9)
  A lava snake (D:14)
  5 komodo dragon simulacra (IceCv)
  3 centaur zombies (Ossuary)
  2 hounds
  2 human zombies (Ossuary)
  5 jellies
  2 gnoll boudas (D:7)
  14 orc priests
  Natasha (thrice) (D:2)
  7 hell rats (Lair:4)
  6 iguanas
  22 orc wizards
  5 scorpion zombies (Ossuary)
  3 mummies (Ossuary)
  Robin (D:2)
  11 gnolls
  7 acid dragon simulacra (IceCv)
  6 adders
  A shadow imp (D:5)
  2 white imps
  7 steam dragon simulacra (IceCv)
  2 ufetubi
  3 worms (D:2)
  4 dart slugs
  125 orcs
  2 endoplasms
  3 giant cockroaches
  5 gnoll zombies (Ossuary)
  13 goblins
  8 hobgoblins
  3 jackals (D:3)
  19 kobolds
  2 quokkas
  5 ball pythons
  12 bats
  5 frilled lizards
  4 goblin zombies (Ossuary)
  2 hobgoblin zombies (Ossuary)
  2 kobold zombies (Ossuary)
  2 orc zombies (Ossuary)
  2 rats
1160 creatures vanquished.

Vanquished Creatures (others)
  A hydra (Swamp:3)
  A death drake (Swamp:3)
  A black mamba (Snake:2)
  A bloated husk (Swamp:3)
  A hornet (Swamp:3)
  A wyvern (Lair:4)
  8 foxfires (Swamp:3)
  30 fulminant prisms
44 creatures vanquished.

Grand Total: 1204 creatures vanquished

Notes
Turn   | Place    | Note
-------+----------+-------------------------------------------
     0 | D:1      | spardeous the Djinni Conjurer began the quest for the Orb.
     0 | D:1      | spardeous set off with the following spells memorised:
                  | Magic Dart, Searing Ray, Dazzling Flash, Fulminant Prism,
                  | Iskenderun's Mystic Blast.
     0 | D:1      | Reached XP level 1. HP: 15/15 MP: 0/0
    85 | D:1      | Reached XP level 2. HP: 17/21 MP: 0/0
   510 | D:1      | Reached XP level 3. HP: 10/25 MP: 0/0
   510 | D:1      | Learned a level 1 spell: Kiss of Death
   721 | D:1      | Reached skill level 4 in Spellcasting
   911 | D:2      | Reached XP level 4. HP: 21/31 MP: 0/0
   990 | D:2      | You are sucked into a shaft and drop 2 floors!
   990 | D:4      | Found Dus Bacs's Jewellery Shoppe.
  1003 | D:4      | Noticed a scorpion
  1011 | D:4      | Killed a scorpion
  1012 | D:4      | Reached XP level 5. HP: 23/35 MP: 0/0
  1012 | D:4      | Learned a level 2 spell: Scorch
  1083 | D:4      | Reached skill level 5 in Spellcasting
  1097 | D:4      | Noticed a black bear
  1106 | D:4      | Killed a black bear
  1107 | D:4      | Reached XP level 6. HP: 12/40 MP: 0/0
  1219 | D:4      | Found a stormy altar of Qazlal.
  1228 | D:4      | Noticed Blork the orc
  1228 | D:4      | Noticed Sigmund
  1250 | D:4      | Killed Sigmund
  1251 | D:4      | Reached skill level 6 in Spellcasting
  1251 | D:4      | Reached XP level 7. HP: 32/45 MP: 0/0
  1251 | D:4      | Learned a level 3 spell: Stone Arrow
  1256 | D:4      | Killed Blork the orc
  1924 | D:4      | Found a hide-covered altar of Uskayaw.
  2076 | D:4      | Reached skill level 7 in Spellcasting
  2101 | D:4      | Reached XP level 8. HP: 39/50 MP: 0/0
  2627 | D:3      | Found a faded altar of an unknown god.
  2814 | D:3      | Found a hazy altar of Hepliaklqana.
  3738 | D:2      | Noticed Natasha
  3741 | D:2      | Killed Natasha
  3940 | D:2      | Noticed Natasha
  3945 | D:2      | Killed Natasha
  4092 | D:2      | Noticed Robin
  4101 | D:2      | Killed Robin
  4197 | D:2      | Noticed Natasha
  4202 | D:2      | Killed Natasha
  4745 | D:5      | Entered Level 5 of the Dungeon
  4970 | D:5      | Found a staircase to the Ecumenical Temple.
  4986 | D:4      | HP: 2/50 [something (13)]
  5246 | D:5      | Reached skill level 8 in Spellcasting
  5674 | D:5      | Identified the +6 trident of Ascent {heavy, rF+ Dex+3}
  5682 | Temple   | Entered the Ecumenical Temple
  5954 | Temple   | Became a worshipper of Gozag Ym Sagoz the Greedy
  6372 | D:6      | Reached XP level 9. HP: 47/55 MP: 0/0
  6372 | D:6      | Learned a level 4 spell: Cause Fear
  6529 | D:6      | Reached skill level 9 in Spellcasting
  7272 | D:6      | Noticed Edmund
  7286 | D:6      | Killed Edmund
  7693 | D:7      | Found a broken altar of Ashenzari.
  7708 | D:7      | Reached skill level 10 in Spellcasting
  8156 | D:7      | Noticed a hornet
  8161 | D:7      | Killed a hornet
  8162 | D:7      | Reached XP level 10. HP: 26/60 MP: 0/0
  8545 | D:8      | Found a sand-covered staircase.
  8569 | D:8      | Identified the +0 rapier of Fee Simple {flame, Fly Dex+3}
  8581 | Ossuary  | Entered an ossuary
  8779 | Ossuary  | Reached skill level 11 in Spellcasting
  9497 | D:8      | Found a sacrificial altar of Ru.
 10291 | D:9      | Noticed a two-headed ogre
 10300 | D:9      | Killed a two-headed ogre
 10716 | D:9      | Reached XP level 11. HP: 56/71 MP: 0/0
 10716 | D:9      | Learned a level 5 spell: Borgnjor's Vile Clutch
 11004 | D:9      | Found an iron altar of Okawaru.
 11241 | D:9      | Reached skill level 5 in Fighting
 11241 | D:9      | Reached skill level 5 in Armour
 11373 | D:9      | Noticed a wizard
 11377 | D:9      | Killed a wizard
 11461 | D:9      | Noticed Pikel
 11463 | D:9      | Noticed a boulder beetle
 11468 | D:9      | Killed Pikel
 11477 | D:9      | Killed a boulder beetle
 12313 | D:10     | Entered Level 10 of the Dungeon
 12878 | D:10     | Found a staircase to the Lair.
 13305 | D:11     | Reached XP level 12. HP: 49/85 MP: 0/0
 13549 | D:11     | Found a staircase to the Orcish Mines.
 14234 | D:11     | Reached skill level 5 in Dodging
 14639 | D:11     | Found Caarenneyp's Magic Scroll Emporium.
 14648 | D:11     | Bought a scroll of identify for 28 gold pieces
 14648 | D:11     | Bought a scroll of teleportation for 42 gold pieces
 14648 | D:11     | Bought a scroll of enchant weapon for 105 gold pieces
 14648 | D:11     | Bought a scroll of teleportation for 42 gold pieces
 14648 | D:11     | Bought a scroll of fog for 56 gold pieces
 14648 | D:11     | Bought 3 scrolls of noise for 42 gold pieces
 15444 | D:11     | Identified a scroll of acquirement
 15523 | D:12     | Reached skill level 12 in Spellcasting
 15692 | D:12     | Noticed Lodul
 15697 | D:12     | Paralysed by Lodul for 5 turns
 15698 | D:12     | Killed Lodul
 16317 | D:12     | Noticed a two-headed ogre
 16325 | D:12     | Killed a two-headed ogre
 16585 | D:12     | Reached skill level 13 in Spellcasting
 16585 | D:12     | Reached XP level 13. HP: 59/92 MP: 0/0
 16585 | D:12     | Learned a level 5 spell: Blade Hands
 18084 | D:13     | Noticed a centaur warrior
 18094 | D:13     | Killed a centaur warrior
 18094 | D:13     | Noticed a catoblepas
 18401 | D:13     | Noticed a centaur warrior
 18579 | D:13     | Reached skill level 14 in Spellcasting
 18744 | D:13     | Killed a catoblepas
 20004 | D:13     | Killed a centaur warrior
 20453 | D:13     | Found a gate to the Vaults.
 20453 | D:13     | Noticed an ironbound preserver
 20590 | D:13     | Killed an ironbound preserver
 20856 | D:13     | Found a gate to the Vaults.
 21501 | Lair:1   | Entered Level 1 of the Lair of Beasts
 21503 | Lair:1   | Acquired the +2 pair of gloves of Pan-Flutes {Dex+3}
 21724 | Lair:1   | You are sucked into a shaft and drop 1 floor!
 21911 | Lair:2   | Reached skill level 15 in Spellcasting
 22047 | Lair:2   | Reached XP level 14. HP: 86/97 MP: 0/0
 22329 | Lair:2   | Noticed Sonja
 22334 | Lair:2   | Killed Sonja
 23775 | Lair:1   | Found a blossoming altar of Fedhas.
 23825 | Lair:1   | Reached skill level 16 in Spellcasting
 24606 | Lair:1   | Bought the +3 helmet of Jigsaw {rC+} for 536 gold pieces
 24624 | Lair:1   | Bought a brass ring for 170 gold pieces
 24624 | Lair:1   | Bought a scroll of identify for 68 gold pieces
 24624 | Lair:1   | Bought a scroll of identify for 68 gold pieces
 25378 | Lair:3   | Reached skill level 1 in Shields
 25579 | Lair:3   | Found a staircase to the Swamp.
 26146 | Lair:3   | Found a staircase to the Snake Pit.
 26580 | Lair:4   | Reached skill level 5 in Shields
 26647 | Lair:4   | Found a frozen archway.
 26709 | IceCv    | Entered an ice cave
 27967 | IceCv    | Reached XP level 15. HP: 81/104 MP: 0/0
 27967 | IceCv    | Learned a level 6 spell: Dispersal
 28220 | Lair:4   | Noticed Nessos
 28248 | Lair:4   | Killed Nessos
 28481 | Lair:4   | Found a runed translucent gate.
 28481 | Lair:4   | Found a runed translucent gate.
 28481 | Lair:4   | Found a runed translucent gate.
 28484 | Lair:4   | Noticed safid's ghost (journeyman MfIE)
 28747 | Lair:4   | Reached skill level 10 in Fighting
 30087 | Lair:4   | Killed safid's ghost
 30267 | Lair:5   | Entered Level 5 of the Lair of Beasts
 30780 | Lair:5   | Reached skill level 10 in Armour
 31007 | Lair:5   | Found a staircase to the Slime Pits.
 31601 | Lair:5   | Reached XP level 16. HP: 98/116 MP: 0/0
 32116 | Lair:5   | Identified the +2 halberd of the Kissing King {flame, rElec
                  | rN+}
 33279 | Lair:5   | Found the +10 tower shield of Ignorance {rN+ Int-4}
 34027 | Orc:1    | Entered Level 1 of the Orcish Mines
 34064 | Orc:1    | Noticed jsudlow's ghost (journeyman MiBe)
 34450 | Orc:1    | Found Pewne's General Store.
 34456 | Orc:1    | Bought a scroll of teleportation for 39 gold pieces
 34456 | Orc:1    | Bought a potion of curing for 39 gold pieces
 34462 | Orc:1    | Found a runed translucent gate.
 34462 | Orc:1    | Found a runed translucent gate.
 34463 | Orc:1    | Found a runed translucent gate.
 34720 | Orc:2    | Entered Level 2 of the Orcish Mines
 34786 | Orc:2    | Reached skill level 17 in Spellcasting
 35638 | Orc:2    | Found Talus's Weapon Shop.
 35727 | Orc:2    | Found Demuti's Book Emporium.
 35727 | Orc:2    | Found Yseure Juerph's Jewellery Shop.
 35993 | Orc:2    | Found a staircase to the Elven Halls.
 36997 | Orc:2    | Found Bite's General Store.
 36997 | Orc:2    | Found Rumyem's Antique Weapon Shop.
 37003 | Orc:2    | Bought a potion of curing for 48 gold pieces
 37003 | Orc:2    | Bought a scroll of identify for 32 gold pieces
 37003 | Orc:2    | Bought a potion of ambrosia for 128 gold pieces
 37164 | Orc:1    | Killed jsudlow's ghost
 38065 | D:14     | Identified the +5 dagger of Dismemberment {holy, Fly Will-
                  | rCorr}
 38403 | D:14     | Reached XP level 17. HP: 100/121 MP: 0/0
 38403 | D:14     | Learned a level 7 spell: Storm Form
 38710 | D:14     | Found a runed translucent gate.
 38711 | D:14     | Found a runed translucent gate.
 38719 | D:14     | Found a runed translucent gate.
 38719 | D:14     | Noticed Peavierr's ghost (journeyman DsHu)
 39244 | D:14     | Identified the +1 dire flail of Honesty {heavy, rCorr Int+2
                  | Stlth+}
 39847 | D:14     | Killed Peavierr's ghost
 40049 | D:15     | Entered Level 15 of the Dungeon
 40367 | D:15     | Reached skill level 18 in Spellcasting
 41244 | D:15     | Found a staircase to the Depths.
 42253 | Lair:1   | Bought the amulet of Jihoew {RegenMP Str+5} for 760 gold
                  | pieces
 42435 | Snake:1  | Entered Level 1 of the Snake Pit
 42576 | Snake:1  | Identified the +0 chain mail of Bets {rF- rC+ rN+ Will+}
 44274 | Snake:2  | HP: 5/121 [shock serpent/bolt of electricity (6)]
 44664 | Snake:2  | Noticed Saint Roka
 44680 | Snake:2  | Killed Saint Roka
 45014 | Snake:2  | Found Toll's Magic Scroll Boutique.
 46654 | Snake:2  | Reached XP level 18. HP: 106/128 MP: 0/0
 46659 | Snake:2  | Reached skill level 10 in Shields
 48305 | Snake:3  | Noticed Vashnia
 48557 | Snake:3  | Killed Vashnia
 48723 | Snake:3  | Found Heas's Jewellery Shoppe.
 48727 | Snake:3  | Found Xeeruv's Antique Armour Shoppe.
 49300 | Snake:4  | Entered Level 4 of the Snake Pit
 49796 | Snake:4  | Reached skill level 10 in Dodging
 50303 | Snake:4  | Noticed Agnes
 50312 | Snake:4  | Killed Agnes
 50313 | Snake:4  | Reached XP level 19. HP: 47/133 MP: 0/0
 50313 | Snake:4  | Learned a level 6 spell: Simulacrum
 52171 | Snake:4  | Got a serpentine rune of Zot
 52731 | Snake:3  | Bought the amulet of Sasuth {Regen+ Int+3} for 519 gold
                  | pieces
 53075 | Swamp:1  | Entered Level 1 of the Swamp
 53579 | Swamp:1  | Found a transporter.
 53682 | Swamp:1  | Found a transporter.
 54142 | Swamp:2  | Noticed Roxanne
 54196 | Swamp:2  | Killed Roxanne
 54615 | Swamp:3  | Identified the +3 buckler of Surprise {Contam rF+ Str+7}
 55295 | Swamp:1  | Noticed a Hell Sentinel
 55507 | Swamp:1  | Killed from afar by a Hell Sentinel

Illustrated notes

Levels and vault maps discovered:
D:1:      dpeg_arrival_rooms_a, layout_loops_ring, minmay_misc_feat_encased,
          nrook_mini_backslash
D:2:      layout_basic, uniq_natasha, uniq_robin
D:3:      layout_loops_ring, nicolae_overflow_crystal_walls,
          hellmonk_ecumenical_altar_run_dry, chequers_jeans,
          wander_ebering_terrifying_dragon_lair
D:4:      old_forge, layout_loops_ring, mainiacjoe_overflow_small_starburst,
          mainiacjoe_overflow_alcove_2, serial_shops, shop, uniq_blork_the_orc,
          uniq_sigmund
D:5:      layout_cave_pools, minmay_temple_entry_mist
D:6:      layout_basic, kiku_gazebo_garden_becter, uniq_edmund
D:7:      layout_basic, nicolae_ashenzari_skybound
D:8:      layout_loops_ring, nicolae_ru_sacrificial_ziggurat,
          nicolae_ossuary_entry_false_entrances
D:9:      minmay_tri_box, layout_loops_corners, mainiacjoe_overflow_paths,
          fiery_altar_vehumet, uniq_pikel
D:10:     layout_loops_ring, lair_entry_dummy
D:11:     layout_basic, david_orc_5, serial_shops, shop
D:12:     layout_gridville, uniq_lodul
D:13:     layout_loops_ring, skrybe_vaults_entry_preservation
D:14:     layout_roguey [special_room_bee], gammafunk_ghost_hydra_chop,
          chequers_serial_rivers_micro_b, small_chamber_with_monster,
          serial_bayou_lagoon_a, nicolae_kite_square_tiling_tiny
D:15:     hangedman_depths_entry_try_elsewhere_first, layout_basic,
          amcnicky_mini_pool_small
Temple:   minmay_temple_curvy_branch
Lair:1:   layout_cellular_growth, nicolae_lair_lil_pond,
          grunt_forest_small_clearings, st_stairs_7, hangedman_tree_tricks
Lair:2:   layout_regular_city, gammafunk_lair_bear_cave, uniq_sonja
Lair:3:   layout_cave_pods, minmay_swamp_entry_worms, dummy_snake_entry
Lair:4:   layout_small_grid, special_room [special_room_mythical_zoo],
          gammafunk_ghost_split, portal_ice_cave_rime, minivault_26,
          infiniplex_staircase_pool_2, uniq_nessos
Lair:5:   hangedman_lair_in_review, layout_gridlike,
          hangedman_lair_caniforms_friends, dpeg_slime_entry_enclosed,
          serial_bayou_shore_b
Swamp:1:  gammafunk_worm_tunnel, layout_falls_marsh,
          evilmike_swamp_ruin_house_2, swamp_pool5
Swamp:2:  layout_falls_marsh, hangedman_swamp_cone, swamp_pool4, uniq_roxanne
Swamp:3:  layout_falls_marsh, hangedman_swamp_diagram
Snake:1:  layout_concentric_octagons, grunt_megastairs_1, lemuel_fruit_tree
Snake:2:  layout_chambers, serial_shops, shop, special_room,
          nicolae_snake_gridmaze_big_u, serial_bayou_pond_e,
          nicolae_snake_dead_anacondas, uniq_saint_roka
Snake:3:  layout_cave_shapes, minmay_shop_star, uniq_vashnia
Snake:4:  hellmonk_snake_rune_quicksilver_temple, layout_grid_maze,
          grunt_megastairs_4, uniq_agnes
Orc:1:    layout_caves, gammafunk_ghost_split, serial_shops, shop
Orc:2:    st_orc_town, layout_caves, serial_shops, nicolae_shop_statue_plus,
          basic_altar, nooodl_orcs_dogs

Skill      XL: |  1  2  3  4  5  6  7  8  9 10 11 12 13 14 15 16 17 18 19 |
---------------+----------------------------------------------------------+-----
Spellcasting   | 4 5 6 7 8 10 11 13 15 16 17 18 | 18.3
Fighting       | 3 7 8 11 12 | 12.9
Armour         | 3 7 11 12 | 12.0
Dodging        | 7 8 11 14 | 14.0
Shields        | 5 9 13 | 13.0
Stealth        | 4 |  4.2

Action                     |  1- 3 |  4- 6 |  7- 9 | 10-12 | 13-15 | 16-18 | 19-21 || total
---------------------------+-------+-------+-------+-------+-------+-------+-------++-------
  Melee: Trident           |       |       |     6 |    52 |    68 |   174 |    66 ||   366
         Unarmed           |       |       |       |       |       |     6 |       ||     6
   Cast: Magic Dart        |    68 |    18 |   212 |    10 |     2 |       |       ||   310
         Searing Ray       |     2 |     3 |    46 |     3 |       |     1 |       ||    55
         Stone Arrow       |       |       |     4 |     8 |     7 |    28 |    23 ||    70
         Iskenderun's Myst |       |       |    11 |   257 |   461 |   462 |    91 ||  1282
         Scorch            |       |       |    10 |       |    16 |       |       ||    26
         Dazzling Flash    |       |       |     1 |       |       |     3 |       ||     4
         Borgnjor's Vile C |       |       |       |     9 |    59 |   172 |    94 ||   334
         Fulminant Prism   |       |       |       |       |    11 |     7 |    12 ||    30
         Cause Fear        |       |       |       |       |     1 |       |       ||     1
         Blade Hands       |       |       |       |       |       |     2 |       ||     2
         Storm Form        |       |       |       |       |       |     2 |       ||     2
 Invoke: Call Merchant     |       |       |       |       |     3 |     4 |     1 ||     8
    Use: Potion            |       |       |     2 |     3 |     5 |     3 |     6 ||    19
         Scroll            |       |       |       |    11 |     7 |    11 |     2 ||    31
   Stab: Distracted        |       |       |       |       |     1 |     1 |       ||     2
 Armour: Robe              |     1 |       |     6 |       |       |       |       ||     7
         Ring mail         |       |       |    34 |    36 |    15 |       |       ||    85
         Chain mail        |       |       |       |       |    93 |   151 |    56 ||   300
         Skin              |       |       |       |       |       |     4 |       ||     4
  Dodge: Dodged            |     6 |     8 |    80 |    77 |   143 |   192 |    48 ||   554
  Block: Buckler           |       |       |    13 |    20 |    64 |    40 |       ||   137
         Tower shield      |       |       |       |       |       |   406 |   233 ||   639
